Map: Station d’habitation EC (Void)

Players

TheMagician - Winner!

  • Race: Protoss Protoss
  • League: Diamond
  • Spawn Location: 11:00

IIIIIIIIIIII

  • Race: Zerg Zerg
  • League: Diamond
  • Spawn Location: 1:00

VOD

Have the link to the VOD?

Description

Time

  • Played on: Dec. 25, 2016, 10:33 p.m.
  • Length: 26:04
Show
View Real Time Build Order
Export as new Build Order

TheMagician Protoss - Winner!

Build Orders: Cannon Rush 

Get SALT Encoding   

  12  0:01  Probe (Chrono Boost)  
  13  0:11  Probe (Chrono Boost)  
  14  0:22  Probe (Chrono Boost)  
  14  0:24  Pylon  
  16  0:43  Forge, Probe (Chrono Boost)  
  16  0:53  Probe (Chrono Boost)  
  17  1:05  Pylon  
  17  1:06  Pylon  
  17  1:08  Pylon  
  17  1:24  Photon Cannon  
  17  1:25  Photon Cannon  
  17  1:28  Gateway  
  17  1:36  Pylon  
  17  1:50  Photon Cannon  
  17  1:58  Photon Cannon  
  17  2:06  Nexus  
  17  2:11  Assimilator  
  17  2:18  Photon Cannon  
  17  2:29  Assimilator  
  17  2:36  Probe (Chrono Boost)  
  18  2:39  Gateway  
  18  2:49  Pylon  
  18  2:51  Photon Cannon  
  18  2:56  Probe (Chrono Boost)  
  19  3:06  Probe (Chrono Boost)  
  20  3:17  Probe (Chrono Boost)  
  21  3:23  Probe (Chrono Boost)  
  22  3:27  Probe (Chrono Boost)  
  22  3:31  Cybernetics Core  
  22  3:34  Probe (Chrono Boost)  
  24  3:38  Probe (Chrono Boost)  
  25  3:41  Assimilator  
  25  3:46  Probe (Chrono Boost)  
  25  3:48  Assimilator  
  26  3:56  Pylon  
  26  3:57  Probe (Chrono Boost)  
  26  3:59  Probe (Chrono Boost)  
  28  4:09  Probe (Chrono Boost)  
  29  4:15  Stargate  
  29  4:19  Probe (Chrono Boost)  
  29  4:22  Stargate  
  30  4:29  Mothership Core (Chrono Boost)  
  32  4:33  Probe (Chrono Boost)  
  33  4:44  Probe (Chrono Boost)  
  34  4:47  Probe (Chrono Boost)  
  34  4:50  Stargate  
  35  4:54  Probe (Chrono Boost)  
  35  4:58  Probe (Chrono Boost)  
  37  5:05  Probe (Chrono Boost)  
  32  5:18  Void Ray  
  36  5:29  Photon Cannon  
  36  5:41  Void Ray  
  40  5:54  Void Ray  
  44  6:09  Void Ray  
  48  6:21  Forge  
  48  6:37  Pylon  
  48  6:51  Pylon  
  48  6:57  Photon Cannon  
  48  7:10  Photon Cannon  
  47  7:32  Pylon  
  47  7:34  Pylon  
  47  7:37  Photon Cannon  
  47  7:40  Photon Cannon  
  47  7:52  Oracle x2  
  53  8:03  Photon Cannon  
  53  8:13  Oracle  
  55  8:24  Nexus  
  55  8:27  Pylon  
  55  8:44  Oracle x2  
  61  9:00  Pylon  
  61  9:03  Assimilator  
  61  9:08  Assimilator  
  61  9:17  Oracle  
  64  9:29  Oracle  
  67  9:35  Pylon  
  67  9:38  Probe (Chrono Boost)  
  68  9:47  Gateway  
  68  9:48  Probe (Chrono Boost)  
  68  9:52  Oracle  
  72  9:59  Probe (Chrono Boost)  
  73  10:09  Probe (Chrono Boost), Photon Cannon  
  73  10:11  Photon Cannon  
  73  10:18  Oracle  
  73  10:20  Probe (Chrono Boost)  
  77  10:30  Probe (Chrono Boost)  
  78  10:39  Oracle  
  78  10:41  Probe (Chrono Boost)  
  82  10:51  Probe (Chrono Boost)  
  79  11:02  Probe (Chrono Boost)  
  80  11:04  Oracle  
  83  11:16  Photon Cannon  
  83  11:18  Photon Cannon  
  77  11:50  Oracle  
  77  11:51  Oracle x2  
  86  12:05  Cybernetics Core  
  86  12:15  Nexus  
  86  12:35  Pylon  
  86  12:36  Pylon  
  86  12:39  Pylon  
  86  12:41  Assimilator  
  86  12:46  Assimilator  
  86  12:47  Robotics Facility  
  86  12:49  Robotics Facility  
  86  12:59  Robotics Facility  
  77  13:35  Robotics Bay  
  77  13:38  Probe (Chrono Boost)  
  78  13:49  Probe (Chrono Boost)  
  78  13:50  Probe (Chrono Boost)  
  80  14:01  Photon Cannon x2  
  76  14:04  Photon Cannon  
  76  14:06  Photon Cannon  
  76  14:08  Void Ray x2, Photon Cannon  
  84  14:27  Colossus x2  
  96  14:36  Colossus  
  102  14:38  Probe (Chrono Boost)  
  103  14:55  Void Ray  
  103  14:59  Void Ray  
  108  15:38  Colossus x2  
  105  15:50  Probe (Chrono Boost)  
  106  16:01  Probe (Chrono Boost)  
  103  16:09  Observer  
  100  16:11  Probe (Chrono Boost)  
  100  16:16  Probe (Chrono Boost)  
  102  16:22  Probe (Chrono Boost)  
  103  16:27  Probe (Chrono Boost)  
  103  16:32  Probe (Chrono Boost)  
  105  16:33  Void Ray x2  
  105  16:34  Void Ray  
  105  16:37  Probe (Chrono Boost)  
  118  17:29  Extended Thermal Lance  
  95  18:09  Void Ray  
  95  18:10  Void Ray x2  
  95  18:12  Immortal  
  111  18:25  Probe (Chrono Boost)  
  112  18:27  Pylon  
  112  18:28  Pylon  
  112  18:31  Pylon  
  112  18:33  Pylon  
  112  18:35  Probe (Chrono Boost)  
  112  18:38  Pylon  
  112  18:41  Pylon  
  113  18:47  Mothership Core (Chrono Boost)  
  115  18:52  Void Ray  
  104  19:22  Colossus  
  104  19:23  Colossus  
  116  19:34  Gateway  
  116  19:37  Gateway  
  116  19:40  Gateway  
  116  19:42  Gateway  
  116  19:45  Gateway  
  116  19:47  Gateway  
  88  20:04  Immortal  
  88  20:17  Immortal x2  
  97  20:56  Adept x3  
  101  20:57  Adept x3  
  103  21:11  Probe (Chrono Boost)  
  104  21:17  Pylon  
  92  21:21  Probe (Chrono Boost)  
  92  21:23  Adept x2  
  92  21:24  Adept x4  
  80  21:50  Adept  
  80  21:51  Stalker x3, Adept x2  
  84  22:13  Pylon  
  84  22:17  Stalker, Observer  
  84  22:18  Stalker x2  
  84  22:21  Stalker x3  
  97  22:29  Immortal  
  97  22:30  Colossus  
  107  22:47  Zealot, Stalker, Photon Cannon  
  107  22:48  Zealot  
  107  22:50  Photon Cannon  
  107  22:51  Zealot x2  
  117  22:55  Photon Cannon  
  116  23:01  Observer  
  117  23:05  Stalker  
  119  23:14  Stalker  
  119  23:15  Stalker, Assimilator  
  119  23:17  Stalker  
  119  23:18  Stalker x2  
  129  23:21  Assimilator  
  129  23:24  Nexus  
  129  23:35  Stalker  
  129  23:39  Disruptor  
  130  23:43  Disruptor  
  130  23:44  Stalker  
  130  23:45  Stalker  
  130  23:48  Zealot x3  
Show
View Real Time Build Order
Export as new Build Order

IIIIIIIIIIII Zerg 

Build Orders: Pool First 

Get SALT Encoding   

  12  0:03  Drone  
  13  0:08  Drone  
  14  0:17  Overlord  
  14  0:27  Extractor x2, Drone  
  13  0:29  Drone  
  15  0:47  Spawning Pool  
  15  0:48  Drone  
  15  0:52  Drone  
  16  0:57  Drone  
  17  1:35  Zergling x6  
  20  1:40  Spine Crawler  
  20  1:41  Spine Crawler  
  20  1:47  Zergling x2  
  18  2:04  Extractor, Queen  
  18  2:08  Drone  
  20  2:12  Drone  
  21  2:19  Drone  
  22  2:30  Overlord  
  22  2:36  Metabolic Boost  
  23  2:58  Drone x2  
  23  3:00  Lair  
  23  3:05  Drone  
  25  3:21  Drone  
  25  3:23  Drone  
  27  3:34  Drone  
  28  3:42  Overlord  
  28  3:58  Zergling x2  
  28  3:59  Nydus Network, Zergling x4  
  30  4:10  Zergling x2  
  30  4:16  Zergling x6  
  34  4:25  Zergling x2  
  34  4:30  Overseer  
  35  4:34  Zergling x2  
  35  4:35  Queen  
  38  4:44  Nydus Canal  
  38  4:46  Overlord  
  38  4:47  Overlord  
  38  4:58  Nydus Canal  
  34  5:31  Zergling x6  
  37  5:49  Zergling x2  
  38  6:01  Spore Crawler x2  
  38  6:02  Queen, Spore Crawler  
  37  6:04  Spore Crawler  
  37  6:07  Spore Crawler  
  35  6:12  Hydralisk Den  
  31  6:35  Overlord  
  31  6:42  Hydralisk x3  
  37  6:53  Hydralisk x2  
  39  7:23  Hydralisk x2  
  39  7:24  Hydralisk x2  
  47  7:41  Queen  
  48  8:02  Hatchery  
  47  8:19  Hydralisk x2  
  51  8:43  Hydralisk  
  54  9:04  Overlord x2  
  54  9:11  Hatchery  
  53  9:22  Drone x2  
  53  9:23  Overlord x2  
  55  9:30  Muscular Augments  
  56  10:01  Hydralisk x2  
  60  10:12  Hatchery  
  58  10:29  Evolution Chamber  
  58  10:30  Evolution Chamber  
  58  10:32  Infestation Pit  
  58  10:34  Drone  
  56  10:54  Drone x3  
  59  11:23  Drone x4  
  59  11:24  Drone  
  64  11:56  Drone x2  
  66  12:14  Drone x2  
  66  12:15  Drone x2  
  70  12:23  Drone x2  
  72  12:36  Zerg Ground Armor Level 1, Zerg Missile Weapons Level 1  
  72  12:38  Drone  
  73  12:50  Drone  
  73  12:51  Drone  
  75  13:00  Infestation Pit  
  74  13:08  Hatchery  
  62  13:27  Drone  
  62  13:28  Drone x8  
  71  13:51  Drone  
  71  13:52  Pathogen Glands  
  72  13:56  Drone  
  72  13:57  Drone x2  
  72  13:59  Extractor  
  72  14:00  Extractor  
  67  14:16  Queen  
  69  14:23  Drone x5  
  69  14:24  Drone  
  75  14:31  Overlord x4  
  75  14:32  Overlord  
  75  14:39  Hatchery  
  75  14:41  Burrow  
  74  14:52  Infestor x3  
  80  14:56  Infestor  
  82  15:13  Infestor  
  84  15:16  Drone x10  
  92  15:57  Hatchery  
  91  16:06  Extractor  
  91  16:07  Extractor, Infestor  
  91  16:08  Infestor x2  
  91  16:11  Drone x5  
  97  16:12  Drone x4  
  97  16:15  Zerg Missile Weapons Level 2  
  104  16:26  Extractor  
  104  16:29  Extractor  
  102  16:44  Drone x2  
  102  16:45  Drone x3  
  102  16:46  Zerg Ground Armor Level 2  
  107  16:51  Drone x5  
  112  17:03  Overseer  
  112  17:10  Infestor  
  114  17:17  Drone x5  
  119  17:33  Hatchery  
  118  17:37  Hydralisk x2  
  118  17:38  Hydralisk x3  
  99  18:02  Drone  
  99  18:04  Hydralisk  
  99  18:05  Hydralisk x8  
  112  18:14  Overlord x4  
  112  18:22  Roach Warren  
  111  18:32  Hydralisk  
  111  18:33  Hydralisk x6  
  125  18:41  Overseer  
  109  19:04  Roach x12  
  121  19:21  Hydralisk  
  121  19:22  Hydralisk  
  121  19:23  Hydralisk x5  
  125  19:29  Glial Reconstitution  
  94  20:09  Roach  
  94  20:10  Hatchery, Roach x7  
  109  20:16  Hydralisk  
  109  20:17  Hydralisk  
  113  20:30  Hydralisk x3  
  119  20:39  Hatchery  
  118  20:49  Hydralisk x4  
  126  21:17  Hydralisk x4  
  126  21:18  Hydralisk  
  99  21:51  Roach  
  99  21:52  Roach x6  
  113  22:24  Hatchery  
  113  22:25  Roach x5  
  113  22:26  Roach  
  124  22:32  Queen  
  126  22:50  Roach  
  126  22:51  Roach x5  
  138  23:12  Hydralisk  
  138  23:13  Hydralisk x5  
  138  23:15  Overlord x3  
  138  23:16  Overlord x2  
  122  23:56  Hydralisk  
  122  23:57  Hydralisk x7  
  138  24:10  Hatchery  
  138  24:16  Drone  
  140  24:17  Drone x4  
  92  24:46  Drone  
  92  24:47  Hydralisk  
Tags
 
Add a new tag
Caveats
  • Supply blocks, unpowered buildings, or Contaminate may cause inaccurate times.
  • Supply counts are checked every 10 seconds.